 Dungeon Sprint DCSS version 0.19.1 (webtiles) character file.

1246 KingBobo974 the Spear-Bearer (level 8, -2/70 HPs)
             Began as a Demonspawn Berserker on Dec 10, 2016.
             Was a Priest of Trog.
             Slain by a demonic crawler (9 damage)
             ... in the Dungeon (Sprint I: "Red Sonja").
             The game lasted 00:04:13 (1103 turns).

KingBobo974 the Spear-Bearer (Demonspawn Berserker) Turns: 1103, Time: 00:04:15

Health: -2/70      AC:  3    Str: 20    XL:     8   Next: 25%
Magic:  8/8        EV: 17    Int:  9    God:    Trog [***...]
Gold:   405        SH:  0    Dex: 12    Spells: 0 memorised, 7 levels left

rFire  . . .     SeeInvis .     a - +0 spear
rCold  + . .     Gourm    .     b - +0 animal skin
rNeg   . . .     Faith    .     (no shield)
rPois  .         Spirit   .     (helmet restricted)
rElec  .         Reflect  .     (no cloak)
rCorr  .         Harm     .     (no gloves)
MR     .....     NoTele   +     (no boots)
Stlth  +.........               (no amulet)
                                (no ring)
                                (no ring)

@: exhausted, slowed, very slow
A: horns 1, rugged brown scales 1, cold resistance 1, freezing cloud immunity
a: Berserk, Trog's Hand, Burn Spellbooks, Renounce Religion


You were in the Dungeon.
You worshipped Trog.
Trog was most pleased with you.
You were hungry.

You visited 1 branch You collected 405 gold pieces.

Inventory:

Hand Weapons
 a - a +0 spear (weapon)
Armour
 b - a +0 animal skin (worn)
Wands
 j - a wand of slowing (21/48)
Scrolls
 i - a scroll of blinking
 l - a scroll of fear {unknown}
Potions
 d - a potion of curing
 e - a potion of heal wounds
 f - a potion of haste
 g - 2 potions of magic
 h - a potion of berserk rage


   Skills:
 + Level 7.7 Fighting
 * Level 9.4 Polearms
 * Level 9.2 Armour
 * Level 9.2 Dodging


You had 7 spell levels left.
You didn't know any spells.

Dungeon Overview and Level Annotations

Branches:
Dungeon (1/1)

Altars:
Cheibriados
Dithmenos
Elyvilon
Fedhas
Gozag
Hepliaklqana
Kikubaaqudgha
Makhleb
Nemelex Xobeh
Okawaru
Qazlal
Ru
Sif Muna
Trog
Uskayaw
Vehumet
Xom
Yredelemnul
Zin
The Shining One
Jiyva
Lugonu

Shops:
D }


Innate Abilities, Weirdness & Mutations

You have a pair of small horns on your head.
You are partially covered in rugged brown scales. (AC +1, +3% HP)
Your flesh is cold resistant. (rC+)
You are immune to freezing clouds.


Message History

The demonic crawler is lightly wounded.
The demonic crawler closely misses you. The demonic crawler hits you!
The demonic crawler closely misses you. The demonic crawler hits you.
The demonic crawler hits you! The demonic crawler closely misses you.
The demonic crawler hits you but does no damage.
The demonic crawler hits you. The demonic crawler hits you!
The demonic crawler hits you.
The demonic crawler closely misses you. x2
Your black bear goes berserk!
You are feeling hungry.
You can no longer call in reinforcements.
Your skin stops crawling.
You feel less resistant to hostile enchantments.
The demonic crawler hits you.
* * * LOW HITPOINT WARNING * * *
The demonic crawler hits you.
* * * LOW HITPOINT WARNING * * *
The demonic crawler hits you.
* * * LOW HITPOINT WARNING * * *
The demonic crawler closely misses you. x2; The demonic crawler hits you!
You die...

##################
.#.)'..#__#..)...#
.'..#..'..'..#.hs##+#
'#####'#__####..@ss.#
.#...#.#### #####s.+
##..##.# ## _##'#..+
..'..._# _##_.#'#
_###+#)# ## ###


You could see 4 demonic crawlers and a friendly black bear (berserk).

Vanquished Creatures
  2 kobold demonologists (D)
  A slime creature (D)
  Sigmund (D)
  A yak (D)
  A floating eye (D)
  An ogre (D)
  A jelly (D)
  Ijyb (D)
9 creatures vanquished.

Notes
Turn   | Place    | Note
-------+----------+-------------------------------------------
     0 | D        | KingBobo974 the Demonspawn Berserker began the quest for the Orb.
     0 | D        | Reached XP level 1. HP: 18/18 MP: 1/1
     2 | D        | Noticed Ijyb
    19 | D        | Killed Ijyb
    19 | D        | Gained mutation: You have a pair of small horns on your head. [demonic ancestry]
    19 | D        | Reached XP level 2. HP: 12/24 MP: 2/2
   270 | D        | Noticed an ogre
   274 | D        | Killed an ogre
   274 | D        | Reached skill level 5 in Polearms
   274 | D        | Gained mutation: Your flesh is cold resistant. (rC+) [demonic ancestry]
   274 | D        | Reached XP level 3. HP: 31/31 MP: 3/3
   274 | D        | Gained mutation: You are partially covered in rugged brown scales. (AC +1, +3% HP) [demonic ancestry]
   274 | D        | Reached XP level 4. HP: 39/39 MP: 4/4
   279 | D        | Noticed Sigmund
   295 | D        | Killed Sigmund
   295 | D        | Reached ** piety under Trog
   295 | D        | Reached skill level 5 in Fighting
   295 | D        | Reached XP level 5. HP: 19/45 MP: 5/5
   323 | D        | Found a deep blue altar of Sif Muna.
   558 | D        | Found a radiant altar of Vehumet.
   563 | D        | Reached XP level 6. HP: 31/53 MP: 6/6
   690 | D        | Found Zaschoupn's Gadget Emporium.
   690 | D        | Found an ancient bone altar of Kikubaaqudgha.
   690 | D        | Found a hazy altar of Hepliaklqana.
   690 | D        | Found a stormy altar of Qazlal.
   690 | D        | Found a hide-covered altar of Uskayaw.
   690 | D        | Found a blossoming altar of Fedhas.
   690 | D        | Found a bloodstained altar of Trog.
   690 | D        | Found an iron altar of Okawaru.
   690 | D        | Found a basalt altar of Yredelemnul.
   690 | D        | Found a glowing golden altar of the Shining One.
   690 | D        | Found a snail-covered altar of Cheibriados.
   690 | D        | Found a sacrificial altar of Ru.
   690 | D        | Found a glowing silver altar of Zin.
   690 | D        | Found a shadowy altar of Dithmenos.
   690 | D        | Found a white marble altar of Elyvilon.
   690 | D        | Noticed a yak
   709 | D        | Killed a yak
   710 | D        | Found an opulent altar of Gozag.
   711 | D        | Found a sparkling altar of Nemelex Xobeh.
  1017 | D        | Found a burning altar of Makhleb.
  1017 | D        | Found a viscous altar of Jiyva.
  1017 | D        | Found a shimmering altar of Xom.
  1017 | D        | Found a corrupted altar of Lugonu.
  1017 | D        | Noticed a slime creature
  1027 | D        | Killed a slime creature
  1027 | D        | Reached *** piety under Trog
  1027 | D        | Reached XP level 7. HP: 56/60 MP: 7/7
  1078 | D        | Noticed a kobold demonologist
  1080 | D        | Noticed a kobold demonologist
  1087 | D        | Killed a kobold demonologist
  1093 | D        | Noticed a smoke demon
  1093 | D        | Killed a kobold demonologist
  1093 | D        | Reached **** piety under Trog
  1093 | D        | Gained mutation: You are immune to freezing clouds. [demonic ancestry]
  1093 | D        | Reached XP level 8. HP: 70/70 MP: 8/8
  1100 | D        | Noticed a demonic crawler
  1100 | D        | Noticed a demonic crawler
  1100 | D        | Noticed a demonic crawler
  1100 | D        | Noticed a demonic crawler
  1103 | D        | Slain by a demonic crawler

Skill      XL: |  1  2  3  4  5  6  7 |
---------------+----------------------+-----
Polearms       | 3 5 6 8 9 |  9.4
Armour         | 3 4 6 7 9 |  9.2
Dodging        | 3 4 6 8 9 |  9.2
Fighting       | 4 5 6 7 |  7.7

Action                   |  1- 3 |  4- 6 |  7- 9 || total
-------------------------+-------+-------+-------++-------
Melee: Spear             |    19 |    46 |    15 ||    80
       Headbutt          |       |     7 |     6 ||    13
Invok: Berserk           |     1 |     2 |     1 ||     4
       Trog's Hand       |       |       |     1 ||     1
       Brothers in Arms  |       |       |     1 ||     1
  Use: Potion            |       |     1 |       ||     1
  Eat: Bread ration      |       |     1 |       ||     1
Armor: Animal skin       |     2 |     1 |     1 ||     4
Dodge: Dodged            |     8 |    21 |    11 ||    40
